| TOP OF THE 1ST |
|
Cincinnati Reds batting - Pitching for Arizona Diamondbacks : RHP Miguel Martinez
|
|
Pitching: RHP Miguel Martinez
|
|
|
Batting: RHB Willie Lazcano
|
0-0: Called Strike 0-1: Ball 1-1: Ground out 4-3 (Groundball, 4, EV 90.0 MPH)
|
|
Batting: RHB Joseph Kirchmann
|
0-0: Called Strike 0-1: SINGLE (Groundball, 6S, EV 66.2 MPH) (infield hit)
|
|
Batting: SHB Dave Barefoot
|
0-0: Ball 1-0: Called Strike 1-1: Called Strike 1-2: Grounds into double play, 4-6-3 (Groundball, 4M, EV 106.9 MPH)
|
| Top of the 1st over - 0 runs, 1 hit, 0 errors, 0 left on base; Cincinnati 0 - Arizona 0 |
| BOTTOM OF THE 1ST |
|
Arizona Diamondbacks batting - Pitching for Cincinnati Reds : RHP Bryce Schimmoeller
|
|
Pitching: RHP Bryce Schimmoeller
|
|
|
Batting: LHB Eric Klasek
|
0-0: DOUBLE (Line Drive, 89XD, EV 105.0 MPH)
|
|
Batting: RHB Katilimomi Kelekolio
|
0-0: Foul Ball, location: 2F 0-1: Foul Ball, location: 2F 0-2: Foul Ball, location: 2F 0-2: Ball 1-2: Strikes out swinging
|
|
Batting: LHB Roy Steigerwald
|
0-0: Called Strike 0-1: Called Strike 0-2: Ball 1-2: Foul Ball, location: 2F 1-2: Ball 2-2: Fly out, F8 (Flyball, 78XD, EV 95.0 MPH) Runner from 2nd tags up, SAFE at 3rd, no throw by CF
|
|
Batting: RHB David Price Jr.
|
0-0: Ball 1-0: Foul Ball, location: 2F 1-1: Ball 2-1: Fly out, F7 (Flyball, 7S, EV 96.9 MPH)
|
| Bottom of the 1st over - 0 runs, 1 hit, 0 errors, 1 left on base; Cincinnati 0 - Arizona 0 |
| TOP OF THE 2ND |
|
Cincinnati Reds batting - Pitching for Arizona Diamondbacks : RHP Miguel Martinez
|
|
Batting: LHB Chris Grunwald
|
0-0: DOUBLE (Line Drive, 7LM, EV 110.6 MPH)
|
|
Batting: RHB Fred Slade
|
0-0: Ball 1-0: Ball 2-0: Called Strike 2-1: Ball 3-1: Foul Ball, location: 2F 3-2: Strikes out swinging
|
|
Batting: RHB Juan Reyes
|
0-0: Called Strike 0-1: Fly out, F9 (Flyball, 89M, EV 90.0 MPH)
|
|
Batting: SHB Saulo Maina
|
0-0: Ground out 6-3 (Groundball, 6MS, EV 67.5 MPH)
|
| Top of the 2nd over - 0 runs, 1 hit, 0 errors, 1 left on base; Cincinnati 0 - Arizona 0 |
| BOTTOM OF THE 2ND |
|
Arizona Diamondbacks batting - Pitching for Cincinnati Reds : RHP Bryce Schimmoeller
|
|
Batting: RHB Andy Swaim
|
0-0: Ball 1-0: Foul Ball, location: 2F 1-1: Foul Ball, location: 2F 1-2: Ball 2-2: Fly out, F6 (Line Drive, 6, EV 75.0 MPH)
|
|
Batting: LHB Armando Carbajal
|
0-0: Swinging Strike 0-1: Ball 1-1: Ball 2-1: Ball 3-1: Foul Ball, location: 2F 3-2: Strikes out swinging
|
|
Batting: LHB Bobby Arevalo
|
0-0: Swinging Strike 0-1: Ball 1-1: Ball 2-1: Ball 3-1: Base on Balls
|
|
Batting: SHB Warren Eisner
|
0-0: Ball 1-0: Called Strike 1-1: Called Strike 1-2: Ball 2-2: Ball 3-2: Base on Balls Bobby Arevalo to second
|
|
Batting: RHB Marlon Reda
|
0-0: Ground out 4-3 (Groundball, 4S, EV 84.4 MPH)
|
| Bottom of the 2nd over - 0 runs, 0 hits, 0 errors, 2 left on base; Cincinnati 0 - Arizona 0 |
| TOP OF THE 3RD |
|
Cincinnati Reds batting - Pitching for Arizona Diamondbacks : RHP Miguel Martinez
|
|
Batting: LHB Jon Ledesma
|
0-0: Called Strike 0-1: Ball 1-1: Foul Ball, location: 2F 1-2: Ball 2-2: Ball 3-2: Strikes out swinging
|
|
Batting: LHB Andy Arbuckle
|
0-0: Foul Ball, location: 2F 0-1: Ground out 4-3 (Groundball, 4, EV 100.6 MPH)
|
|
Batting: RHB Willie Lazcano
|
0-0: Called Strike 0-1: Ball 1-1: Called Strike 1-2: Ball 2-2: Ball 3-2: Strikes out swinging
|
| Top of the 3rd over - 0 runs, 0 hits, 0 errors, 0 left on base; Cincinnati 0 - Arizona 0 |
| BOTTOM OF THE 3RD |
|
Arizona Diamondbacks batting - Pitching for Cincinnati Reds : RHP Bryce Schimmoeller
|
|
Batting: LHB Eric Klasek
|
0-0: Ball 1-0: Swinging Strike 1-1: Called Strike 1-2: Strikes out swinging
|
|
Batting: RHB Katilimomi Kelekolio
|
0-0: Called Strike 0-1: Ball 1-1: Ball 2-1: Ball 3-1: Base on Balls
|
|
Batting: LHB Roy Steigerwald
|
0-0: Swinging Strike 0-1: Called Strike 0-2: Ball 1-2: Ball 2-2: Ball 3-2: Foul Ball, location: 2F 3-2: 2-RUN HOME RUN (Line Drive, 8RXD, EV 116.9 MPH), Distance : 459 ft
|
|
Batting: RHB David Price Jr.
|
0-0: Called Strike 0-1: Ball 1-1: Ball 2-1: SINGLE (Groundball, 56D, EV 108.1 MPH)
|
|
Batting: RHB Andy Swaim
|
0-0: Called Strike 0-1: Called Strike 0-2: Foul Ball, location: 2F 0-2: Ball 1-2: DOUBLE (Groundball, 5L, EV 98.1 MPH) David Price Jr. to third Runner from 3rd tries for Home, SAFE, throw by LF to trailing runner, SAFE at third!
|
|
Batting: LHB Armando Carbajal
|
0-0: Ball 1-0: Ball 2-0: Called Strike 2-1: Called Strike 2-2: Fly out, F7 (Flyball, 7S, EV 84.4 MPH)
|
|
Batting: LHB Bobby Arevalo
|
0-0: Ball 1-0: Called Strike 1-1: Fly out, F8 (Flyball, 89S, EV 83.1 MPH)
|
| Bottom of the 3rd over - 3 runs, 3 hits, 0 errors, 1 left on base; Cincinnati 0 - Arizona 3 |
| TOP OF THE 4TH |
|
Cincinnati Reds batting - Pitching for Arizona Diamondbacks : RHP Miguel Martinez
|
|
Batting: RHB Joseph Kirchmann
|
0-0: Called Strike 0-1: Ground out 5-3 (Groundball, 56, EV 96.9 MPH)
|
|
Batting: SHB Dave Barefoot
|
0-0: Ball 1-0: Foul Ball, location: 2F 1-1: Called Strike 1-2: Ball 2-2: Ground out 6-3 (Groundball, 6M, EV 76.9 MPH)
|
|
Batting: LHB Chris Grunwald
|
0-0: Ball 1-0: Swinging Strike 1-1: Ball 2-1: Ball 3-1: Swinging Strike 3-2: Base on Balls
|
|
Batting: RHB Fred Slade
|
0-0: Fly out, F8 (Flyball, 8LS, EV 92.5 MPH)
|
| Top of the 4th over - 0 runs, 0 hits, 0 errors, 1 left on base; Cincinnati 0 - Arizona 3 |
| BOTTOM OF THE 4TH |
|
Arizona Diamondbacks batting - Pitching for Cincinnati Reds : RHP Bryce Schimmoeller
|
|
Batting: SHB Warren Eisner
|
0-0: Ball 1-0: Called Strike 1-1: Ball 2-1: SINGLE (Groundball, 15S, EV 67.5 MPH) (infield hit)
|
|
Pitching: RHP Matt Flink
|
|
|
Batting: RHB Marlon Reda
|
0-0: Foul Ball, location: 2F 0-1: Called Strike 0-2: Strikes out swinging
|
|
Pinch Hitting: RHB Shiro Suehiro
|
0-0: Ball 1-0: Swinging Strike 1-1: Called Strike 1-2: Foul Ball, location: 2F 1-2: Ball 2-2: Fly out, F5 (Line Drive, 56, EV 63.8 MPH)
|
|
Pinch Hitting: RHB Jon Solano
|
0-0: Called Strike Warren Eisner is caught stealing 2nd base 2-4
|
| Bottom of the 4th over - 0 runs, 1 hit, 0 errors, 0 left on base; Cincinnati 0 - Arizona 3 |
| TOP OF THE 5TH |
|
Cincinnati Reds batting - Pitching for Arizona Diamondbacks : RHP Miguel Martinez
|
|
Now at 2B: Jon Solano
|
|
|
Now at 3B: Warren Eisner
|
|
|
Now at SS: Steve Reinhart
|
|
|
Now in LF: Roy Steigerwald
|
|
|
Now in CF: Andrew Wray II
|
|
|
Batting: RHB Juan Reyes
|
0-0: Called Strike 0-1: Called Strike 0-2: Strikes out swinging
|
|
Batting: SHB Saulo Maina
|
0-0: Foul Ball, location: 2F 0-1: Ground out 4-3 (Groundball, 34, EV 79.4 MPH)
|
|
Batting: LHB Jon Ledesma
|
0-0: Swinging Strike 0-1: Called Strike 0-2: Ground out 3-1 (Groundball, 34S, EV 83.1 MPH)
|
| Top of the 5th over - 0 runs, 0 hits, 0 errors, 0 left on base; Cincinnati 0 - Arizona 3 |
| BOTTOM OF THE 5TH |
|
Arizona Diamondbacks batting - Pitching for Cincinnati Reds : RHP Matt Flink
|
|
Pitching: RHP Casey Truax
|
|
|
Now at 2B: Fred Slade
|
|
|
Now in LF: Randy Racine
|
|
|
Now in CF: Shawn Morrison
|
|
|
Now in RF: Satoru Handa
|
|
|
Batting: RHB Jon Solano
|
0-0: Called Strike 0-1: Ball 1-1: Foul Ball, location: 2F 1-2: Foul Ball, location: 2F 1-2: Ball 2-2: Strikes out swinging
|
|
Batting: LHB Roy Steigerwald
|
0-0: Ground out 5-3 (Groundball, 5, EV 85.6 MPH)
|
|
Batting: RHB David Price Jr.
|
0-0: Ball 1-0: Ball 2-0: Fly out, F8 (Line Drive, 78M, EV 101.2 MPH)
|
| Bottom of the 5th over - 0 runs, 0 hits, 0 errors, 0 left on base; Cincinnati 0 - Arizona 3 |
| TOP OF THE 6TH |
|
Cincinnati Reds batting - Pitching for Arizona Diamondbacks : RHP Miguel Martinez
|
|
Now in LF: Fabrice Bertin
|
|
|
Now in RF: Jeff Densmore
|
|
|
Batting: LHB Andy Arbuckle
|
0-0: Foul Ball, location: 2F 0-1: Ball 1-1: Ball 2-1: Called Strike 2-2: Ground out 4-3 (Groundball, 4, EV 76.2 MPH)
|
|
Batting: RHB Willie Lazcano
|
0-0: Fly out, F4 (Flyball, 4MD, EV 88.8 MPH)
|
|
Batting: LHB Shawn Morrison
|
0-0: Ball 1-0: Foul Ball, location: 2F 1-1: Swinging Strike 1-2: Foul Ball, location: 2F 1-2: Strikes out swinging
|
| Top of the 6th over - 0 runs, 0 hits, 0 errors, 0 left on base; Cincinnati 0 - Arizona 3 |
| BOTTOM OF THE 6TH |
|
Arizona Diamondbacks batting - Pitching for Cincinnati Reds : RHP Casey Truax
|
|
Now at 1B: Bruno André
|
|
|
Batting: SHB Andrew Wray II
|
0-0: Ball 1-0: Swinging Strike 1-1: Swinging Strike 1-2: Ball 2-2: Foul Ball, location: 2F 2-2: Foul Ball, location: 2F 2-2: Foul Ball, location: 2F 2-2: Fly out, F9 (Flyball, 89S, EV 85.0 MPH)
|
|
Batting: SHB Perry Tuckfard
|
0-0: Ball 1-0: Ball 2-0: Swinging Strike 2-1: Swinging Strike 2-2: Strikes out swinging
|
|
Pinch Hitting: RHB Dave Vargas
|
0-0: Swinging Strike 0-1: Swinging Strike 0-2: Strikes out swinging, 2-3 out at first.
|
| Bottom of the 6th over - 0 runs, 0 hits, 0 errors, 0 left on base; Cincinnati 0 - Arizona 3 |
| TOP OF THE 7TH |
|
Cincinnati Reds batting - Pitching for Arizona Diamondbacks : RHP Miguel Martinez
|
|
Pitching: RHP Jarrod Kenny
|
|
|
Now at 1B: Fabrice Bertin
|
|
|
Now in LF: Dave Vargas
|
|
|
Batting: LHB Randy Racine
|
0-0: Ground out 1-3 (Groundball, 13S, EV 73.1 MPH)
|
|
Batting: LHB Satoru Handa
|
0-0: SINGLE (Flyball, 78S, EV 89.4 MPH)
|
|
Batting: RHB Fred Slade
|
0-0: Ball 1-0: Ball 2-0: Ball 3-0: Called Strike 3-1: Foul Ball, location: 2F 3-2: Grounds into double play, 6-4-3 (Groundball, 6, EV 99.4 MPH)
|
| Top of the 7th over - 0 runs, 1 hit, 0 errors, 0 left on base; Cincinnati 0 - Arizona 3 |
| BOTTOM OF THE 7TH |
|
Arizona Diamondbacks batting - Pitching for Cincinnati Reds : RHP Casey Truax
|
|
Pitching: RHP Ryan Terlizzi
|
|
|
Batting: SHB Warren Eisner
|
0-0: Foul Ball, location: 2F 0-1: Ball 1-1: Ball 2-1: Foul Ball, location: 2F 2-2: Fly out, F9 (Flyball, BS7, EV 96.2 MPH)
|
|
Batting: RHB Marlon Reda
|
0-0: Called Strike 0-1: Called Strike 0-2: Ball 1-2: Strikes out swinging
|
|
Batting: LHB Steve Reinhart
|
0-0: Ball 1-0: Ball 2-0: Ball 3-0: Base on Balls
|
|
Batting: RHB Jon Solano
|
0-0: Ball 1-0: 2-RUN HOME RUN (Line Drive, 9D, EV 98.1 MPH), Distance : 382 ft
|
|
Batting: LHB Jeff Densmore
|
0-0: SINGLE (Groundball, 4M, EV 94.4 MPH)
|
|
Batting: RHB Fabrice Bertin
|
0-0: Called Strike 0-1: Swinging Strike 0-2: SINGLE (Groundball, 56D, EV 99.4 MPH) (infield hit) Jeff Densmore to second
|
|
Batting: SHB Andrew Wray II
|
0-0: Called Strike 0-1: Ball 1-1: Swinging Strike 1-2: Foul Ball, location: 2F 1-2: Ball 2-2: Strikes out swinging
|
| Bottom of the 7th over - 2 runs, 3 hits, 0 errors, 2 left on base; Cincinnati 0 - Arizona 5 |
| TOP OF THE 8TH |
|
Cincinnati Reds batting - Pitching for Arizona Diamondbacks : RHP Jarrod Kenny
|
|
Pitching: LHP Chris Baran
|
|
|
Batting: RHB Bruno André
|
0-0: Called Strike 0-1: Ball 1-1: Foul Ball, location: 2F 1-2: Strikes out swinging
|
|
Batting: SHB Saulo Maina
|
0-0: Ball 1-0: SINGLE (Line Drive, 6MD, EV 96.2 MPH)
|
|
Batting: LHB Jon Ledesma
|
0-0: Ball 1-0: Ball 2-0: Ball 3-0: Base on Balls Saulo Maina to second
|
|
Batting: LHB Andy Arbuckle
|
0-0: Called Strike 0-1: Grounds into double play, 6-4-3 (Groundball, 6M, EV 80.6 MPH)
|
| Top of the 8th over - 0 runs, 1 hit, 0 errors, 1 left on base; Cincinnati 0 - Arizona 5 |
| BOTTOM OF THE 8TH |
|
Arizona Diamondbacks batting - Pitching for Cincinnati Reds : RHP Ryan Terlizzi
|
|
Pitching: LHP Logan Moultry
|
|
|
Batting: SHB Perry Tuckfard
|
0-0: Ball 1-0: DOUBLE (Flyball, 89D, EV 108.1 MPH)
|
|
Batting: RHB Dave Vargas
|
0-0: Called Strike 0-1: Ball 1-1: Ball 2-1: Foul Ball, location: 2F 2-2: Ball 3-2: Fly out, F8 (Line Drive, 8LD, EV 108.1 MPH)
|
|
Batting: SHB Warren Eisner
|
0-0: Called Strike 0-1: SINGLE (Line Drive, 78M, EV 99.4 MPH) Perry Tuckfard to third
|
|
Batting: RHB Marlon Reda
|
0-0: Swinging Strike 0-1: Foul Ball, location: 2F 0-2: Strikes out swinging
|
|
Batting: LHB Steve Reinhart
|
0-0: Ball 1-0: Ball 2-0: Ball 3-0: Called Strike 3-1: Base on Balls Warren Eisner to second
|
|
Batting: RHB Jon Solano
|
0-0: Fly out, F7 (Flyball, 78M, EV 88.1 MPH)
|
| Bottom of the 8th over - 0 runs, 2 hits, 0 errors, 3 left on base; Cincinnati 0 - Arizona 5 |
| TOP OF THE 9TH |
|
Cincinnati Reds batting - Pitching for Arizona Diamondbacks : LHP Chris Baran
|
|
Pitching: RHP Gerardo Camacho
|
|
|
Pinch Hitting: RHB Omar Quintana
|
0-0: Swinging Strike 0-1: Ball 1-1: Ground out 5-3 (Groundball, 56S, EV 82.5 MPH)
|
|
Batting: LHB Shawn Morrison
|
0-0: Called Strike 0-1: Foul Ball, location: 2F 0-2: Ball 1-2: Ball 2-2: Ball 3-2: Foul Ball, location: 2F 3-2: Foul Ball, location: 2F 3-2: SOLO HOME RUN (Flyball, 9D, EV 96.9 MPH), Distance : 377 ft
|
|
Batting: LHB Randy Racine
|
0-0: Called Strike 0-1: Foul Ball, location: 2F 0-2: Ball 1-2: Ball 2-2: Ball 3-2: Foul Ball, location: 2F 3-2: Base on Balls
|
|
Batting: LHB Satoru Handa
|
0-0: Ball 1-0: Foul Ball, location: 2F 1-1: Called Strike 1-2: Grounds into double play, 5-4-3 (Groundball, 56, EV 108.8 MPH)
|
| Top of the 9th over - 1 run, 1 hit, 0 errors, 0 left on base; Cincinnati 1 - Arizona 5 |
|